Map: Backcountry

Players

Kenaron - Winner!

  • Race: Zerg Zerg
  • Spawn Location: 11:00

Neosepo - Winner!

  • Race: Terran Terran
  • Spawn Location: 11:00

Math - Winner!

  • Race: Terran Terran
  • Spawn Location: 9:00

Blubbel

  • Race: Terran Terran
  • League: Silver
  • Spawn Location: 5:00

zod

  • Race: Protoss Protoss
  • League: Silver
  • Spawn Location: 5:00

MasteroP

  • Race: Zerg Zerg
  • Spawn Location: 5:00

VOD

Have the link to the VOD?

Description

Time

  • Played on: Jan. 10, 2016, 10:54 a.m.
  • Length: 15:31
Show
View Real Time Build Order
Export as new Build Order

Kenaron Zerg - Winner!

Build Orders: Hatch First 

Get SALT Encoding   

  12  0:01  Drone  
  13  0:08  Drone  
  14  0:36  Hatchery  
  13  0:53  Spawning Pool  
  12  0:58  Drone  
  12  1:03  Overlord  
  13  1:12  Drone  
  14  1:26  Drone  
  14  1:27  Drone  
  14  1:32  Drone  
  17  1:40  Queen  
  17  1:46  Zergling x2  
  20  1:48  Extractor  
  20  1:49  Zergling x2  
  20  1:57  Zergling x2  
  20  2:00  Zergling x2  
  22  2:08  Zergling x2  
  23  2:12  Queen  
  25  2:16  Zergling x2  
  25  2:17  Zergling x2  
  27  2:24  Zergling x2  
  27  2:28  Overlord  
  28  2:45  Overlord  
  28  2:48  Drone  
  28  2:49  Drone x2  
  28  2:50  Drone  
  32  3:00  Drone x2  
  32  3:01  Drone x2  
  36  3:07  Drone  
  36  3:12  Extractor  
  36  3:25  Drone x2  
  36  3:27  Overlord  
  38  3:28  Drone  
  39  3:37  Drone  
  39  3:38  Drone  
  40  3:58  Metabolic Boost  
  39  4:03  Drone x2  
  39  4:04  Drone x3  
  39  4:05  Overlord  
  39  4:06  Drone x2  
  39  4:08  Lair  
  46  4:12  Roach Warren  
  46  4:16  Evolution Chamber  
  42  4:18  Evolution Chamber  
  42  4:23  Drone x3  
  43  4:37  Zergling x2  
  44  4:39  Zergling x8  
  44  4:40  Zergling x4  
  48  4:47  Baneling Nest  
  41  5:04  Spine Crawler, Zergling x8  
  41  5:05  Zergling x4  
  41  5:06  Zergling x2  
  47  5:09  Spine Crawler  
  46  5:20  Spine Crawler  
  45  5:21  Zergling x2  
  45  5:22  Spore Crawler, Zergling x4  
  47  5:34  Drone  
  46  5:51  Hatchery  
  46  5:56  Hydralisk Den  
  39  6:12  Extractor  
  39  6:13  Drone x3, Extractor, Queen  
  42  6:24  Spore Crawler  
  41  6:27  Spine Crawler  
  41  6:28  Drone  
  41  6:30  Zergling x8  
  39  6:45  Zerg Missile Weapons Level 1  
  39  6:46  Glial Reconstitution, Zerg Ground Armor Level 1  
  39  6:49  Queen  
  41  7:10  Roach x2  
  41  7:11  Roach  
  41  7:14  Drone x2  
  41  7:15  Hatchery  
  48  7:17  Drone  
  49  7:28  Baneling x5  
  50  7:30  Zergling x4  
  51  7:43  Overseer  
  51  7:45  Overseer  
  51  7:59  Centrifical Hooks  
  51  8:01  Hydralisk x2  
  51  8:02  Roach x2  
  51  8:04  Drone  
  55  8:25  Hydralisk x3  
  55  8:26  Roach x2  
  62  8:34  Drone  
  62  8:36  Drone  
  62  8:37  Drone  
  62  8:38  Drone  
  65  9:05  Drone x3, Hydralisk  
  65  9:06  Roach  
  65  9:08  Overlord x2  
  72  9:12  Spine Crawler  
  47  9:37  Zergling x6  
  47  9:38  Zergling x6  
  52  9:40  Zerg Ground Armor Level 2  
  52  10:03  Hydralisk x2  
  52  10:04  Roach x2  
  60  10:09  Baneling  
  60  10:10  Baneling x3  
  60  10:30  Overseer  
  60  10:31  Overseer, Hydralisk  
  60  10:32  Hydralisk x2, Roach x3  
  60  10:33  Roach  
  74  10:49  Overlord x2  
  74  10:53  Hatchery  
  73  11:01  Zerg Missile Weapons Level 2  
  73  11:07  Hydralisk  
  73  11:08  Hydralisk, Roach x2  
  81  11:17  Hydralisk  
  81  11:18  Roach  
  51  11:30  Hydralisk x2, Roach  
  57  11:39  Hydralisk  
  57  11:40  Roach  
  61  11:49  Hydralisk, Roach  
  65  12:09  Overseer x2  
  65  12:10  Overlord x2  
  65  12:11  Hydralisk  
  65  12:12  Roach  
  69  12:17  Drone x2  
  69  12:19  Drone x4  
  69  12:20  Drone  
  69  12:22  Drone  
  77  12:23  Drone  
  78  12:48  Hydralisk  
  78  12:49  Roach  
  82  13:00  Drone x2  
  82  13:01  Drone x3  
  82  13:02  Hatchery  
  86  13:09  Infestation Pit  
  85  13:14  Extractor  
  85  13:15  Extractor  
  85  13:16  Zergling x10  
  85  13:17  Zergling x4  
  90  13:37  Hydralisk x3  
  90  13:38  Roach x3  
  100  13:43  Hydralisk  
  100  13:44  Roach  
  74  14:05  Hydralisk  
  74  14:06  Hydralisk x2, Roach x2  
  84  14:20  Hydralisk  
  84  14:21  Roach  
  88  14:41  Hydralisk x2  
  88  14:42  Roach x2  
  88  14:43  Hydralisk x2, Roach  
  88  14:44  Roach  
  96  14:59  Hydralisk x2  
  100  15:00  Roach  
  100  15:03  Overlord x3  
Show
View Real Time Build Order
Export as new Build Order

Neosepo Terran - Winner!

Build Orders: MMM Bio 

Get SALT Encoding   

  12  0:12  Supply Depot  
  12  0:20  SCV  
  13  0:35  Barracks  
  13  0:38  SCV  
  13  0:41  Refinery  
  14  0:50  SCV  
  15  1:02  SCV  
  16  1:04  Barracks  
  16  1:14  SCV  
  18  1:26  SCV  
  18  1:28  Reaper  
  19  1:38  SCV  
  19  1:39  Refinery  
  20  1:43  Supply Depot  
  20  1:50  SCV  
  20  1:51  Reaper  
  22  2:05  Barracks Tech Lab  
  22  2:09  Orbital Command  
  22  2:23  Marauder, Marine  
  25  2:38  SCV  
  25  2:40  Factory  
  26  2:48  Barracks Reactor, Engineering Bay  
  26  2:50  SCV  
  27  3:06  Concussive Shells  
  27  3:07  Marauder  
  27  3:08  SCV  
  30  3:20  SCV  
  31  3:40  Supply Depot  
  31  3:43  Starport  
  31  3:47  Factory Tech Lab  
  31  3:48  Factory Tech Lab  
  31  3:49  Command Center, Factory Reactor  
  31  4:01  Marine x2  
  31  4:02  Marauder  
  35  4:04  Supply Depot  
  35  4:20  Marine x2  
  35  4:22  Terran Infantry Weapons Level 1  
  36  4:32  Engineering Bay  
  36  4:33  Factory Tech Lab  
  35  4:38  Medivac  
  37  4:45  Stimpack  
  37  4:57  Marine x2  
  34  6:06  Medivac x2  
  38  6:20  Terran Infantry Armor Level 1  
  38  6:25  Missile Turret  
  38  6:29  Marine x2  
  38  6:30  Marauder  
  42  6:36  Barracks  
  42  6:54  Marine x2  
  42  6:55  Marauder  
  42  6:56  Medivac x2  
  50  7:03  Missile Turret  
  48  7:19  Combat Shields, Marauder, Marine x2  
  52  7:29  Armory, Barracks Tech Lab  
  52  7:32  Barracks  
  52  7:34  Orbital Command  
  52  7:38  SCV  
  53  7:50  SCV  
  53  8:01  Medivac x2  
  53  8:05  SCV  
  58  8:17  SCV  
  59  8:21  Barracks Reactor  
  59  8:26  SCV  
  60  8:28  Missile Turret  
  60  8:29  SCV  
  61  8:36  Marine  
  62  8:42  Supply Depot  
  62  8:49  Supply Depot  
  62  9:03  SCV x2, Marine x3  
  62  9:06  Terran Infantry Weapons Level 2  
  67  9:11  Supply Depot, Terran Infantry Armor Level 2  
  67  9:15  SCV x2  
  69  9:20  Missile Turret  
  68  9:33  Marauder x2, Marine x2  
  71  9:54  Marauder  
  71  9:58  Marine x2  
  71  9:59  Marine x2, Marauder  
  79  10:10  SCV  
  80  10:16  Marine, Marauder  
  80  10:19  Supply Depot  
  83  10:22  SCV, Supply Depot  
  84  10:29  Medivac  
  86  10:40  Medivac  
  86  10:41  SCV  
  89  10:46  Refinery  
  89  10:47  Refinery  
  89  10:52  Marine x4  
  89  10:53  SCV  
  89  10:54  Marine x2  
  96  11:00  Command Center  
  96  11:05  SCV  
  97  11:25  Marauder x2, Marine x3  
  97  11:36  Marine  
  90  11:47  Marauder x2  
  92  12:04  Marine x4  
  92  12:08  Marauder x2  
  100  12:09  SCV x2  
  102  12:20  Planetary Fortress  
  102  12:21  SCV x2  
  104  12:23  Marine x2  
  104  12:29  Marauder x2  
  110  12:33  SCV  
  110  12:37  Terran Infantry Weapons Level 3  
  111  12:41  Terran Infantry Armor Level 3  
  111  12:51  Marauder  
  113  13:02  Siege Tank  
  114  13:46  Marauder x2, Marine x2  
  117  14:09  Marauder  
  117  14:45  Marine  
  117  15:02  SCV  
  117  15:04  Marine  
  117  15:06  Marine  
  117  15:09  Marine  
  117  15:11  Marine x2  
  117  15:16  SCV  
Show
View Real Time Build Order
Export as new Build Order

Math Terran - Winner!

Build Orders:  

Get SALT Encoding   

  12  0:02  SCV  
  13  0:15  SCV  
  14  0:23  Supply Depot  
  14  0:30  SCV  
  15  0:45  SCV  
  16  0:51  Barracks  
  16  0:55  Refinery  
  16  0:57  SCV  
  17  1:09  Supply Depot, SCV  
  18  1:21  SCV  
  19  1:27  Barracks  
  19  1:31  Refinery  
  19  1:40  Reaper  
  20  1:53  SCV  
  21  1:56  Barracks  
  21  2:06  SCV  
  22  2:12  Reaper  
  23  2:17  Reaper  
  23  2:18  Orbital Command  
  24  2:44  Reaper  
  24  2:49  Reaper  
  26  3:04  Reaper  
  27  3:17  Reaper  
  28  3:21  Reaper  
  26  3:36  Reaper  
  27  3:49  Reaper  
  27  3:53  Reaper  
  27  3:54  SCV  
  30  4:08  Reaper  
  30  4:34  Barracks Tech Lab  
  30  4:35  Barracks Reactor  
  30  4:40  Barracks Reactor  
  30  4:41  Command Center  
  30  4:44  Command Center, Supply Depot  
  30  4:46  Refinery  
  30  4:48  Refinery, Engineering Bay  
  30  4:50  Supply Depot  
  22  5:31  Stimpack  
  22  5:34  Marine x3  
  22  5:35  Marine x2  
  24  5:52  Marine x5  
  29  6:08  Terran Infantry Weapons Level 1  
  29  6:10  Marine  
  26  6:26  Missile Turret  
  26  6:38  Orbital Command x2  
  28  6:47  Marauder  
  28  6:50  Marine  
  28  6:51  Marine  
  31  7:08  Marauder  
  31  7:18  SCV  
  31  7:19  SCV x2  
  33  7:59  SCV  
  33  8:00  SCV x2  
  36  8:12  SCV x3  
  39  8:13  Terran Infantry Armor Level 1  
  39  8:19  Factory  
  39  8:24  SCV x3  
  42  8:30  Marine  
  42  8:31  Marine x4  
  47  8:36  SCV x3  
  50  8:48  SCV x3, Marine x2  
  55  9:00  SCV  
  58  9:02  Marauder  
  58  9:03  Marine x2  
  58  9:05  SCV  
  58  9:06  Marine  
  63  9:12  SCV  
  63  9:14  Orbital Command  
  63  9:16  Marine  
  65  9:17  SCV  
  65  9:20  Marine  
  65  9:21  Marine  
  69  9:24  SCV, Marauder, Marine  
  69  9:29  SCV  
  72  9:32  Starport  
  72  9:34  Marine  
  72  9:36  SCV  
  74  9:38  Marine x2  
  74  9:41  SCV  
  74  9:42  Barracks  
  74  9:43  Barracks  
  76  9:45  Marauder  
  76  10:29  Missile Turret  
  76  10:37  Barracks Tech Lab, Missile Turret  
  76  10:38  Barracks Reactor  
  76  10:39  Starport Reactor  
  76  10:51  Armory  
  76  10:52  Marine  
  76  10:53  Engineering Bay  
  77  10:59  Supply Depot  
  77  11:02  Supply Depot x3  
  77  11:04  Supply Depot  
  77  11:07  Supply Depot  
  77  11:08  Marine  
  77  11:09  Marauder, Marine x2  
  77  11:10  Marine  
  48  11:26  Marine  
  48  11:30  Marine, Marauder  
  48  11:31  Marine x4, Marauder  
  56  11:44  Marine  
  56  11:45  Medivac x2  
  59  11:48  Marine  
  59  11:49  Marine x4  
  59  11:52  Marauder x2  
  64  12:01  Command Center, Marine  
  64  12:06  Marine  
  64  12:07  Marine x4  
  70  12:13  Marauder x2  
  70  12:15  Terran Infantry Weapons Level 2, Medivac x2  
  78  12:19  Marine  
  79  12:24  Marine x4  
  79  12:25  Marine  
  84  12:34  Marine x2  
  86  12:38  Refinery x2  
  86  12:41  SCV x3  
  89  12:44  Medivac  
  89  12:45  Medivac  
  93  12:52  Marine x2  
  93  12:53  SCV x3  
  93  12:58  Marine x6  
  99  13:05  SCV x3  
  105  13:09  Marine  
  105  13:10  Marine  
  109  13:14  Medivac  
  109  13:15  Medivac  
  109  13:16  Marine x6  
  109  13:17  SCV x2  
  121  13:27  Marine  
  121  13:28  Marine  
  121  13:33  Marine  
  124  13:34  Marine x5  
  128  13:44  Medivac  
  128  13:45  Marine  
  128  13:46  Marine  
  124  13:51  Marine  
  124  13:52  Marine x5  
  111  14:03  Marine x2  
  111  14:09  Marine x2  
  110  14:10  Marine x4  
  114  14:21  Marauder  
  114  14:22  Marauder  
  116  14:27  Marine x6  
  122  14:40  Medivac x2  
  122  14:43  Marauder x2  
  122  14:45  Marine x6  
  136  15:04  Marauder x2  
  136  15:05  Marine x4  
Show
View Real Time Build Order
Export as new Build Order

Blubbel Terran 

Build Orders:  

Get SALT Encoding   

  12  0:01  SCV  
  13  0:13  SCV  
  14  0:20  Supply Depot  
  14  0:28  SCV  
  15  0:38  Refinery  
  15  0:42  SCV  
  16  0:47  Barracks  
  16  0:54  SCV  
  17  1:06  SCV  
  18  1:18  SCV  
  18  1:21  Refinery  
  19  1:30  SCV, Engineering Bay  
  20  1:34  Supply Depot, Marine  
  21  1:45  Factory  
  21  1:47  SCV  
  22  2:01  Barracks  
  22  2:05  SCV  
  23  2:19  Marine  
  24  2:33  Orbital Command  
  24  2:37  Widow Mine  
  24  2:44  Reaper  
  27  2:50  Supply Depot  
  27  3:04  Marine  
  28  3:16  Marine  
  29  3:20  SCV  
  29  3:21  Widow Mine  
  29  3:22  Marine  
  33  3:41  Starport  
  33  3:49  Widow Mine  
  35  4:28  Medivac  
  35  4:30  Factory Reactor  
  37  4:49  Barracks Reactor x2  
  37  4:57  Barracks  
  37  6:23  Barracks Reactor  
  37  6:25  Marine x2  
  39  6:30  Supply Depot, Marine x2  
  39  6:31  Supply Depot  
  36  6:42  Marine  
  36  6:43  Marine  
  38  6:48  Marine  
  38  6:51  Widow Mine x2  
  38  6:52  Marine  
  44  7:00  Marine x2  
  46  7:01  Marine x2  
  46  7:05  Marine  
  46  7:06  Supply Depot  
  49  7:08  Supply Depot  
  49  7:09  Marine  
  49  7:12  Supply Depot  
  50  7:18  Marine x2  
  50  7:19  Marine x2  
  54  7:23  Marine  
  54  7:26  Terran Infantry Armor Level 1  
  55  7:34  Engineering Bay  
  55  7:37  Widow Mine  
  55  7:38  Barracks, Widow Mine  
  55  7:40  Barracks  
  57  8:21  Marine x2  
  57  8:22  Marine x4  
  57  8:26  Supply Depot  
  63  8:30  Supply Depot x2  
  63  8:32  Supply Depot  
  63  8:34  Supply Depot  
  63  8:39  Marine x4  
  63  8:40  Marine x2  
  69  8:54  Barracks Tech Lab  
  69  8:55  Command Center  
  69  8:57  Marine x5  
  65  10:11  Marine x2  
  65  10:12  Marine x4  
  71  10:16  Combat Shields  
  71  10:19  Barracks Tech Lab  
  71  10:24  Supply Depot  
  71  10:28  Planetary Fortress  
  71  10:29  Marine x4  
  75  10:40  Stimpack  
  75  10:43  Marauder, Marine  
  75  10:44  Marauder  
  36  11:55  Marine x4  
  36  11:56  Marine x2  
  39  12:13  Marine x5  
  39  12:14  Marine  
  45  12:24  Terran Infantry Weapons Level 1  
  45  12:28  Armory  
  45  12:31  Marine  
  45  12:32  Marine x4  
  45  12:33  Marine  
  51  12:48  Marine  
  51  12:50  Marine x4  
  56  13:00  Marine x2  
  58  13:06  Marine  
  58  13:08  Marine x4  
  63  13:17  Marine  
  63  13:18  Marauder  
  66  13:24  Marine  
  67  13:40  Marauder  
  42  14:06  Marine x5  
  42  14:07  Marine  
  48  14:24  Marine x6  
  48  14:29  Command Center  
  54  14:41  Marine  
  54  14:42  Marine x5  
  60  14:59  Marine x2  
  60  15:00  Marine x3  
  60  15:01  Marine x2  
Show
View Real Time Build Order
Export as new Build Order

zod Protoss 

Build Orders: 1 Gate Expand 

Get SALT Encoding   

  12  0:02  Probe (Chrono Boost)  
  13  0:12  Probe (Chrono Boost)  
  14  0:22  Pylon  
  14  0:25  Probe (Chrono Boost)  
  15  0:37  Assimilator  
  15  0:40  Probe (Chrono Boost)  
  16  0:51  Probe (Chrono Boost)  
  16  0:54  Gateway  
  17  1:01  Probe (Chrono Boost)  
  18  1:12  Probe (Chrono Boost)  
  19  1:22  Probe (Chrono Boost)  
  20  1:34  Probe (Chrono Boost), Nexus  
  21  1:44  Pylon  
  21  1:51  Cybernetics Core  
  21  1:55  Assimilator  
  21  1:58  Probe (Chrono Boost)  
  22  2:08  Pylon  
  22  2:09  Probe (Chrono Boost)  
  23  2:20  Gateway  
  23  2:32  Adept (Chrono Boost)  
  24  2:40  Warp Gate  
  24  2:47  Gateway  
  24  2:49  Pylon  
  24  3:05  Mothership Core  
  28  3:06  Adept (Chrono Boost)  
  28  3:08  Adept (Chrono Boost)  
  28  3:40  Adept (Chrono Boost)  
  34  3:43  Adept x2 (Chrono Boost)  
  36  4:10  Adept (Chrono Boost)  
  36  4:25  Nexus  
  36  4:38  Pylon  
  36  4:42  Pylon  
  36  4:54  Stargate  
  36  4:57  Stalker x2  
  22  6:05  Adept x3  
  22  6:06  Oracle  
  22  6:07  Probe  
  22  6:09  Probe  
  31  6:18  Probe  
  31  6:21  Probe  
  33  6:28  Probe  
  34  6:33  Probe  
  34  6:37  Assimilator  
  34  6:39  Probe  
  35  6:41  Assimilator  
  35  6:45  Probe  
  37  6:49  Probe  
  38  6:57  Probe  
  38  6:59  Mothership Core  
  41  7:09  Probe  
  36  7:19  Probe  
  36  7:21  Probe  
  38  7:29  Probe  
  38  7:33  Probe  
  38  7:36  Nexus  
  40  7:38  Assimilator  
  40  7:39  Stalker  
  40  7:40  Probe  
  40  7:43  Assimilator  
  43  7:45  Probe  
  43  7:50  Probe  
  44  7:57  Probe  
  46  8:01  Probe  
  46  8:02  Stalker  
  46  8:03  Stalker x2  
  50  8:10  Probe  
  47  8:30  Stalker x2  
  47  8:31  Stalker  
  53  8:37  Void Ray  
  53  8:39  Gateway  
  57  8:55  Probe  
  57  8:56  Probe  
  57  8:58  Stargate  
  57  9:00  Stargate  
  57  9:02  Stargate  
  59  9:08  Probe  
  59  9:09  Stalker x2  
  62  9:35  Stalker x3  
  62  9:37  Void Ray  
  72  9:41  Probe  
  72  9:42  Probe  
  74  9:47  Probe  
  74  9:52  Probe  
  69  9:54  Probe  
  69  9:58  Probe  
  56  10:02  Probe  
  56  10:05  Stalker x3  
  56  10:06  Probe  
  64  10:08  Probe  
  64  10:13  Probe  
  65  10:14  Void Ray  
  65  10:19  Probe  
  71  10:30  Probe x2  
  71  10:32  Probe  
  71  10:34  Stalker x2  
  71  10:35  Stalker  
  80  10:40  Phoenix  
  82  10:44  Probe  
  83  10:50  Protoss Air Weapons Level 1  
  83  10:55  Forge  
  83  11:05  Fleet Beacon  
  83  11:06  Stalker x2  
  63  11:53  Stalker x2  
  63  11:54  Stalker x2  
  69  11:56  Tempest x3  
  69  12:00  Tempest  
  83  12:26  Protoss Shields Level 1  
  83  12:34  Cybernetics Core  
  83  12:47  Stalker  
  83  12:48  Stalker x3  
  83  12:50  Nexus  
  91  13:00  Assimilator  
  91  13:05  Assimilator  
  91  13:07  Pylon  
  91  13:10  Pylon  
  91  13:45  Tempest x3  
  91  13:46  Tempest  
  83  14:28  Tempest x3  
  95  14:42  Mothership Core  
  81  15:15  Stalker  
  81  15:16  Stalker  
Show
View Real Time Build Order
Export as new Build Order

MasteroP Zerg 

Build Orders: Hatch First 

Get SALT Encoding   

  12  0:01  Drone  
  13  0:12  Overlord  
  13  0:21  Drone  
  14  0:31  Drone x2  
  14  0:34  Drone  
  17  0:45  Drone  
  18  1:06  Drone  
  18  1:11  Drone  
  20  1:13  Hatchery  
  19  1:20  Spawning Pool  
  19  1:21  Drone  
  19  1:25  Extractor  
  18  1:33  Drone  
  18  1:39  Drone  
  20  1:51  Drone  
  21  2:00  Overlord  
  21  2:11  Drone  
  22  2:27  Hatchery  
  21  2:32  Drone x2, Queen  
  21  2:34  Queen  
  27  2:39  Spine Crawler  
  26  2:46  Spine Crawler  
  26  2:49  Spine Crawler  
  24  2:54  Zergling x4  
  25  3:08  Zergling x8  
  29  3:19  Zergling x4  
  29  3:24  Metabolic Boost  
  29  3:27  Zergling x2  
  30  3:59  Zergling x12  
  36  4:29  Drone  
  36  4:30  Drone x2  
  39  4:34  Overlord x2  
  37  5:00  Drone x3  
  37  5:01  Drone x3  
  30  5:29  Drone x3  
  30  5:30  Drone x2  
  30  5:33  Drone  
  36  5:47  Drone x3  
  39  5:53  Zergling x6  
  42  5:59  Extractor  
  42  6:01  Baneling Nest  
  42  6:03  Lair  
  40  6:17  Queen  
  42  6:29  Extractor  
  42  6:32  Extractor  
  40  6:36  Zergling x12  
  40  6:37  Zergling x4  
  48  6:50  Zergling x6  
  48  6:51  Zergling x2  
  52  7:10  Baneling  
  52  7:11  Baneling x9  
  52  7:12  Baneling x8  
  52  7:13  Baneling  
  52  7:15  Zergling x8  
  54  7:16  Zergling x4  
  58  7:36  Overlord x3  
  58  7:37  Overlord  
  58  7:43  Centrifical Hooks  
  58  8:02  Zergling x14  
  58  8:03  Zergling x2  
  66  8:06  Baneling x6  
  66  8:07  Baneling x5  
  66  8:18  Zergling x2  
  66  8:19  Zergling x8  
  71  8:40  Zergling x12  
  71  8:41  Zergling x2  
  41  9:25  Zergling x4  
  41  9:26  Zergling x14  
  47  9:47  Zergling x6  
  47  9:50  Baneling x7  
  47  9:51  Baneling x7  
  50  10:01  Zergling x4  
  50  10:02  Zergling x12  
  58  10:19  Zergling x6  
  61  10:27  Baneling x5  
  61  10:28  Baneling x9  
  61  10:29  Baneling x8  
  61  10:30  Baneling x4  
  61  10:31  Baneling x3  
  61  10:33  Zergling x4  
  63  10:44  Zergling x4  
  63  10:45  Zergling x8  
  69  10:51  Zergling x2  
  39  11:32  Zergling x4  
  40  11:33  Zergling x12  
  46  11:43  Zergling x6  
  46  11:44  Zergling x6  
  52  11:49  Baneling x6  
  52  11:50  Baneling x8  
  52  12:14  Baneling x7  
  52  12:15  Baneling x8  
  52  12:16  Baneling x2  
  52  12:29  Zergling x12  
  59  12:30  Zergling x4  
  59  12:34  Hatchery  
  59  12:51  Zergling x6  
  62  12:52  Zergling x2  
  63  12:59  Drone  
  61  13:52  Zergling x6  
  61  13:53  Zergling x10  
  39  14:03  Zergling x4  
  41  14:19  Baneling x4  
Tags
 
Add a new tag
Caveats
  • Supply blocks, unpowered buildings, or Contaminate may cause inaccurate times.
  • Supply counts are checked every 10 seconds.